[Event "January 2 Late 2024"]
[Site "https://www.chess.com"]
[Date "2024.01.02"]
[Round "6"]
[White "Palomo, Franklin Annervys"]
[Black "Huang, Youhe"]
[Result "0-1"]
[Board "79"]
[TimeControl "180+1"]
[WhiteFideId "3906965"]
[BlackFideId "2629445"]
[WhiteElo "2662"]
[BlackElo "2493"]
[WhiteTeam "VEN"]
[BlackTeam "CAN"]
[WhiteClock "0:00:00"]
[BlackClock "0:00:18"]

1. Nf3 d5 2. g3 Nf6 3. Bg2 Nc6 4. O-O e5 5. d3 Be7 6. Bg5 O-O 7. Nbd2 Nd7 8. Bxe7 Qxe7 9. e4 d4 10. c3 Rd8 11. cxd4 exd4 12. a3 Nf8 13. Qc2 Bg4 14. Rac1 Ne6 15. h3 Bh5 16. Kh2 Qf6 17. Nh4 Be2 18. Rfe1 Bh5 19. Rf1 Be2 20. Rg1 Nf4 21. Bf1 Ne5 22. Nf5 Bxd3 23. Qxc7 Ne6 24. Qe7 Qxe7 25. Nxe7+ Kf8 26. Nd5 Bxe4 27. Nxe4 Nf3+ 28. Kh1 Nxg1 29. Nb4 Nf3 30. Bg2 Ne5 31. f4 Nc6 32. Nd3 Rac8 33. f5 Nc7 34. f6 Nd5 35. fxg7+ Kxg7 36. Bf3 Ne3 37. Rg1 Na5 38. g4 Rc2 39. Ng3 Nac4 40. Nh5+ Kh8 41. Be4 Nxb2 42. Ndf4 Rf2 43. g5 Nf1 44. Bg2 Ne3 45. Be4 d3 0-1

[Event "January 2 Late 2024"]
[Site "https://www.chess.com"]
[Date "2024.01.02"]
[Round "6"]
[White "Delorme, Axel"]
[Black "Spata, German"]
[Result "1-0"]
[Board "80"]
[TimeControl "180+1"]
[WhiteFideId "632023"]
[BlackFideId "113026"]
[WhiteElo "2488"]
[BlackElo "2655"]
[WhiteTeam "FRA"]
[BlackTeam "ARG"]
[WhiteClock "0:00:08"]
[BlackClock "0:00:00"]

1. e4 g6 2. d4 Bg7 3. Nc3 d6 4. Be3 a6 5. a4 b6 6. Qd2 c5 7. a5 Nd7 8. axb6 cxd4 9. Bxd4 Bxd4 10. Qxd4 Ngf6 11. Nd5 O-O 12. Nxf6+ Nxf6 13. Nf3 Rb8 14. Bxa6 Qxb6 15. Bxc8 Qxd4 16. Nxd4 Rfxc8 17. O-O-O Nxe4 18. Rhf1 e6 19. f3 Nc5 20. Kb1 d5 21. Rfe1 Rb4 22. b3 Kg7 23. Kb2 Ra8 24. c3 Rb7 25. Ra1 Rab8 26. b4 Nd3+ 27. Kb3 Nxe1 28. Rxe1 Ra8 29. b5 Ra5 30. Kb4 Ra2 31. Re2 Rxe2 32. Nxe2 Kf6 33. Kc5 Ke7 34. Kc6 Rb8 35. b6 Rc8+ 36. Kb5 Kd6 37. b7 Rb8 38. Kb6 e5 39. g4 f6 40. h3 Rxb7+ 41. Kxb7 Kc5 42. Kc7 Kc4 43. Kd6 d4 44. cxd4 exd4 45. Nxd4 Kxd4 46. Ke6 Ke3 47. Kxf6 Kxf3 48. Kg7 Kg3 49. Kxh7 Kxh3 50. g5 Kg4 51. Kxg6 1-0

[Event "January 2 Late 2024"]
[Site "https://www.chess.com"]
[Date "2024.01.02"]
[Round "6"]
[White "Agibileg, Uurtsaikh"]
[Black "Flynn, Jacob"]
[Result "1-0"]
[Board "81"]
[TimeControl "180+1"]
[WhiteFideId "4901606"]
[BlackFideId "2509393"]
[WhiteElo "2653"]
[BlackElo "2487"]
[WhiteTeam "MGL"]
[BlackTeam "IRL"]
[WhiteClock "0:02:46"]
[BlackClock "0:01:31"]

1. d4 d5 2. c4 e6 3. Nc3 Nf6 4. cxd5 exd5 5. Bg5 c6 6. e3 h6 7. Bh4 Be7 8. Bd3 O-O 9. Nge2 Re8 10. Qc2 Nbd7 11. O-O a5 12. f3 b5 13. Rae1 Ba6 14. Kh1 b4 15. Bxa6 Rxa6 16. Na4 Qb8 17. e4 dxe4 18. fxe4 Ng4 19. Bg3 Bd6 20. Qc4 Qb5 21. Qxf7+ Kh7 22. Qxe8 1-0

[Event "January 2 Late 2024"]
[Site "https://www.chess.com"]
[Date "2024.01.02"]
[Round "6"]
[White "Bochnicka, Vladimir"]
[Black "Mirzoev, Azer"]
[Result "0-1"]
[Board "82"]
[TimeControl "180+1"]
[WhiteFideId "14943450"]
[BlackFideId "13400304"]
[WhiteElo "2486"]
[BlackElo "2652"]
[WhiteTeam "SVK"]
[BlackTeam "AZE"]
[WhiteClock "0:00:00"]
[BlackClock "0:00:18"]

1. e4 c5 2. Nf3 e6 3. g3 a6 4. Bg2 b5 5. O-O Bb7 6. Re1 d6 7. d3 Nf6 8. Nbd2 Be7 9. Nf1 Nc6 10. c3 O-O 11. h3 b4 12. Be3 bxc3 13. bxc3 Qa5 14. Qd2 Rab8 15. Bf4 Nd7 16. d4 cxd4 17. cxd4 Qxd2 18. N1xd2 Nb4 19. Rab1 Ba8 20. Bf1 a5 21. a3 Nc2 22. Rec1 Rxb1 23. Rxb1 h6 24. Bd3 Nxa3 25. Ra1 d5 26. exd5 Bxd5 27. Bc7 Ra8 28. Ne5 Nxe5 29. dxe5 Bb4 30. Ne4 Nc4 31. Rc1 Nd2 32. Nxd2 Bxd2 33. Rc2 Bb4 34. Bb5 g5 35. Bd6 Kg7 36. f4 Rd8 37. Bc7 Rc8 38. Ba4 Be4 39. Rc4 Bd3 40. Rc1 Bd2 41. Rc6 gxf4 42. gxf4 Bxf4 43. Rc3 Bg6 44. Bxa5 Ra8 0-1

[Event "January 2 Late 2024"]
[Site "https://www.chess.com"]
[Date "2024.01.02"]
[Round "6"]
[White "Olsen, Filip Boe"]
[Black "Suvorov, Alexander"]
[Result "1/2-1/2"]
[Board "83"]
[TimeControl "180+1"]
[WhiteFideId "1440640"]
[BlackFideId "12977063"]
[WhiteElo "2649"]
[BlackElo "2478"]
[WhiteTeam "DEN"]
[BlackTeam "GER"]
[WhiteClock "0:00:07"]
[BlackClock "0:00:09"]

1. Nf3 d6 2. d4 Nf6 3. g3 Nbd7 4. Bg2 e5 5. dxe5 dxe5 6. O-O Bd6 7. Nbd2 Qe7 8. Nc4 Bc5 9. a3 a5 10. Be3 O-O 11. Qc1 h6 12. Nh4 Nb6 13. Nxb6 cxb6 14. Nf3 Bf5 15. Ne1 Rac8 16. c3 Be4 17. Nd3 Bxg2 18. Kxg2 Nd5 19. Bxc5 bxc5 20. c4 Nb6 21. Qc3 e4 22. Nf4 a4 23. Rfd1 Rcd8 24. Rac1 g6 25. e3 h5 26. h4 Rd7 27. Rxd7 Qxd7 28. Qa5 Qc6 29. Nd5 Nxd5 30. cxd5 Qxd5 31. Qxc5 Qb3 32. Qc2 Qd5 33. Qxa4 Rd8 34. Qc4 Qf5 35. Qe2 Rd7 36. Rc8+ Kg7 37. Rc4 Rd6 38. Rd4 Rf6 39. b4 g5 40. hxg5 Qxg5 41. Rc4 h4 42. Rc5 Qg6 43. Qh5 hxg3 44. Qxg6+ Kxg6 45. Kxg3 Ra6 46. Ra5 Rxa5 47. bxa5 Kf5 48. a4 Kg5 49. Kg2 Kg4 50. Kf1 Kf3 51. Ke1 f6 52. Kf1 f5 53. Ke1 Kg2 54. Ke2 Kg1 55. Ke1 Kg2 56. Ke2 Kg1 57. Ke1 Kg2 1/2-1/2

[Event "January 2 Late 2024"]
[Site "https://www.chess.com"]
[Date "2024.01.02"]
[Round "6"]
[White "Niedbala, Bartlomiej"]
[Black "Toktomushev, Teimur"]
[Result "1-0"]
[Board "84"]
[TimeControl "180+1"]
[WhiteFideId "21834008"]
[BlackFideId "14176726"]
[WhiteElo "2648"]
[BlackElo "2470"]
[WhiteTeam "POL"]
[BlackTeam "UKR"]
[WhiteClock "0:01:14"]
[BlackClock "0:00:00"]

1. e4 c5 2. Nf3 e6 3. d4 cxd4 4. Nxd4 a6 5. c4 Nf6 6. Nc3 Qc7 7. a3 b6 8. Be3 Bb7 9. f3 Be7 10. Be2 O-O 11. O-O d6 12. Rc1 Nbd7 13. b4 Rac8 14. Kh1 Qb8 15. Bg1 Ba8 16. Re1 Rc7 17. Bf1 Rfc8 18. b5 a5 19. f4 Nc5 20. e5 dxe5 21. fxe5 Nfd7 22. Qg4 Rd8 23. Re3 Rcc8 24. Rce1 g6 25. Qf4 a4 26. Rf3 Rf8 27. Rh3 Rfd8 28. Rxh7 Kxh7 29. Qxf7+ Kh8 30. Qxe7 Re8 31. Qg5 Rf8 32. Qh6+ Kg8 33. Qxg6+ Kh8 34. Re3 1-0

[Event "January 2 Late 2024"]
[Site "https://www.chess.com"]
[Date "2024.01.02"]
[Round "6"]
[White "Ozates, Tuna"]
[Black "Sztokbant, Bernardo Vainzoff"]
[Result "0-1"]
[Board "85"]
[TimeControl "180+1"]
[WhiteFideId "6354521"]
[BlackFideId "2115956"]
[WhiteElo "2646"]
[BlackElo "2475"]
[WhiteTeam "TUR"]
[BlackTeam "BRA"]
[WhiteClock "0:00:08"]
[BlackClock "0:00:04"]

1. e4 e5 2. Nf3 Nc6 3. Bc4 Nf6 4. d3 Bc5 5. c3 a6 6. a4 d6 7. Nbd2 O-O 8. O-O Ba7 9. h3 Ne7 10. d4 Ng6 11. Re1 c6 12. Bb3 Qe7 13. Bc2 Re8 14. Nf1 h6 15. Ng3 Qc7 16. a5 Be6 17. Be3 exd4 18. cxd4 Rad8 19. Qd2 d5 20. Bxh6 dxe4 21. Bxe4 Nxe4 22. Nxe4 Bd5 23. Ng3 Bxf3 24. Bxg7 Kxg7 25. Qg5 Rd5 26. Nf5+ Rxf5 27. Qxf5 Rxe1+ 28. Rxe1 Bxg2 29. h4 Bxd4 30. h5 Bd5 31. Qg4 Qf4 32. Qxf4 Nxf4 33. Re7 c5 34. Kf1 Nxh5 35. Ke2 Nf4+ 36. Kd2 Bxf2 37. Re5 Bd4 38. Rg5+ Kf6 39. Rg8 Bc6 40. Rb8 Bxb2 41. Kc2 Be5 42. Rc8 Ke6 43. Kb3 Nd5 44. Kc4 Bc7 45. Kxc5 Bxa5 46. Rh8 Bc3 47. Kc4 Bxh8 48. Kc5 f5 49. Kc4 f4 50. Kd3 f3 51. Kd2 f2 52. Ke2 Bd4 53. Kf1 Bb5+ 54. Kg2 f1=Q+ 55. Kg3 Be5+ 56. Kg4 Qg2+ 57. Kh5 Nf6+ 58. Kh6 Bf4# 0-1

[Event "January 2 Late 2024"]
[Site "https://www.chess.com"]
[Date "2024.01.02"]
[Round "6"]
[White "Keleberda, Tymur"]
[Black "Ramos Rivera, Jesse James"]
[Result "0-1"]
[Board "86"]
[TimeControl "180+1"]
[WhiteFideId "14174294"]
[BlackFideId "3103250"]
[WhiteElo "2644"]
[BlackElo "2458"]
[WhiteTeam "CAN"]
[BlackTeam "PUR"]
[WhiteClock "0:00:49"]
[BlackClock "0:00:13"]

1. c4 e5 2. g3 Nc6 3. Bg2 Bc5 4. e3 d6 5. Ne2 Nge7 6. a3 a5 7. d4 Bb6 8. h3 O-O 9. Qc2 exd4 10. exd4 Nxd4 11. Nxd4 Bxd4 12. O-O c6 13. Bf4 Be5 14. Be3 Bf5 15. Qd2 Qd7 16. Kh2 Be6 17. Rc1 Nf5 18. Nc3 Nh4 19. Na4 Nxg2 20. Nb6 Qe7 21. Kxg2 Rad8 22. f4 Bf6 23. Rf1 d5 24. Qxa5 dxc4 25. Bc5 Bd5+ 26. Kh2 Qe4 27. Rf2 Rfe8 28. Rd1 h5 29. Qb4 h4 30. Nxd5 Rxd5 31. Rc1 hxg3+ 32. Kxg3 Rd3+ 33. Kh2 Qf5 34. Qxc4 Qxh3+ 35. Kg1 Rg3+ 36. Rg2 Qxg2# 0-1

[Event "January 2 Late 2024"]
[Site "https://www.chess.com"]
[Date "2024.01.02"]
[Round "6"]
[White "Salman, Ilhan Serhat"]
[Black "Veljanoski, Andrej"]
[Result "0-1"]
[Board "87"]
[TimeControl "180+1"]
[WhiteFideId "6361579"]
[BlackFideId "15003604"]
[WhiteElo "2449"]
[BlackElo "2623"]
[WhiteTeam "TUR"]
[BlackTeam "MKD"]
[WhiteClock "0:00:16"]
[BlackClock "0:00:11"]

1. Nf3 b6 2. b3 Bb7 3. Bb2 Nf6 4. g3 g6 5. Bg2 Bg7 6. O-O O-O 7. d4 d6 8. c4 Nbd7 9. Nc3 Ne4 10. Qc2 Nxc3 11. Bxc3 e5 12. dxe5 dxe5 13. Rad1 e4 14. Nd4 Qe7 15. Nb5 Nf6 16. e3 a6 17. Nd4 Rad8 18. Rd2 h5 19. Rfd1 h4 20. Ne2 Rxd2 21. Qxd2 Bc8 22. Nf4 g5 23. Nd5 Nxd5 24. Bxg7 Kxg7 25. Qxd5 Re8 26. Rd4 f5 27. Rd2 Kh6 28. Qc6+ Kg7 29. Qd5 Rf8 30. Qd4+ Qf6 31. Qd5 Rh8 32. Qd4 Qxd4 33. Rxd4 Kf6 34. Kf1 h3 35. Bh1 g4 36. Ke2 Ke5 37. Rd5+ Ke6 38. Kd2 Bb7 39. Bxe4 Bxd5 40. Bxd5+ Ke5 41. Kc3 Rd8 42. a4 Rd6 43. b4 c6 44. Bh1 Rd1 45. Bxc6 Rf1 46. Bb7 a5 47. c5 axb4+ 48. Kxb4 bxc5+ 49. Kxc5 Rxf2 50. a5 Rxh2 51. a6 Ra2 52. Kb6 Rb2+ 53. Kc5 Ra2 54. Kb6 h2 55. Bh1 Ra1 56. a7 Rxh1 57. a8=Q Rb1+ 58. Kc5 Rc1+ 59. Kb4 h1=Q 60. Qe8+ Kd6 61. Qf8+ Kc7 62. Qe7+ Kb6 63. Qd8+ Kb7 64. Qe7+ Rc7 65. Qe5 Qe4+ 66. Qxe4+ fxe4 67. Kb5 Rc6 0-1

[Event "January 2 Late 2024"]
[Site "https://www.chess.com"]
[Date "2024.01.02"]
[Round "6"]
[White "Bellissimo, Joseph F."]
[Black "Brown_Mamba24"]
[Result "0-1"]
[Board "88"]
[TimeControl "180+1"]
[WhiteFideId "2609843"]
[WhiteElo "2441"]
[BlackElo "2621"]
[WhiteTeam "CAN"]
[WhiteClock "0:00:16"]
[BlackClock "0:00:15"]

1. e4 c5 2. Nf3 g6 3. c3 d5 4. e5 d4 5. Bc4 Nc6 6. O-O Bg7 7. Re1 Nh6 8. e6 f6 9. a4 O-O 10. b4 cxb4 11. cxd4 Nxd4 12. Bb2 f5 13. Ra2 Nxf3+ 14. Qxf3 Bxb2 15. Rxb2 Qd4 16. Rc2 Ng4 17. d3 b3 18. Rc3 b5 19. Bxb5 Bb7 20. Bc6 Ne5 21. Rxe5 Qxe5 22. h4 Bxc6 23. Qxc6 Qe1+ 24. Kh2 Qxb1 25. h5 Rac8 26. Qd7 Rxc3 27. h6 Qc1 28. Qxe7 Qxh6+ 29. Kg3 Rxd3+ 30. f3 f4+ 31. Kf2 Rd2+ 32. Kg1 b2 33. Qb4 Rd1+ 34. Kf2 b1=Q 35. Qxb1 Qh4+ 36. Ke2 Qe1# 0-1

[Event "January 2 Late 2024"]
[Site "https://www.chess.com"]
[Date "2024.01.02"]
[Round "6"]
[White "Titus, Andrew"]
[Black "Federzoni, Enzo"]
[Result "0-1"]
[Board "89"]
[TimeControl "180+1"]
[WhiteFideId "2059770"]
[BlackFideId "2173301"]
[WhiteElo "2618"]
[BlackElo "2440"]
[WhiteTeam "USA"]
[BlackTeam "BRA"]
[WhiteClock "0:00:36"]
[BlackClock "0:00:29"]

1. e4 c6 2. d4 d5 3. Nd2 dxe4 4. Nxe4 Nf6 5. Nxf6+ exf6 6. c3 Bd6 7. Bd3 O-O 8. Ne2 Re8 9. Qc2 h5 10. Be3 Nd7 11. O-O-O Nf8 12. c4 Be6 13. Nc3 Rc8 14. Ne4 b5 15. Kb1 bxc4 16. Bxc4 Bxc4 17. Nxd6 Bxa2+ 18. Kxa2 Qxd6 19. Rd3 Ne6 20. Rc1 Qd5+ 21. Kb1 Qxg2 22. h4 Qe4 23. Ra3 Qxc2+ 24. Rxc2 Rc7 25. Ra5 g6 26. Ra6 Rd8 27. Rcxc6 Rxc6 28. Rxc6 Nxd4 29. Rxf6 Ne6 30. Bxa7 Rd3 31. Be3 Rd1+ 32. Kc2 Rh1 33. b4 Rxh4 34. Kc3 Nc7 35. Rc6 Nd5+ 36. Kd2 Nxe3 37. Kxe3 Rxb4 38. Kf3 Kg7 39. Kg3 g5 40. f3 f6 41. Ra6 Kg6 42. Rc6 Rb3 43. Kg2 g4 44. f4 Rf3 45. Rc4 Kf5 46. Rc5+ Kxf4 47. Rxh5 Ra3 48. Rb5 Ra2+ 49. Kg1 f5 50. Rb3 Kg5 51. Rb5 Kf4 52. Rb4+ Kg3 53. Rb3+ Kh4 54. Rb4 Kh3 55. Rf4 Ra1+ 56. Kf2 g3+ 57. Ke2 g2 58. Rxf5 g1=Q 59. Rf3+ Kg4 60. Rc3 Ra2+ 61. Kd3 Qg3+ 62. Kc4 Ra4+ 63. Kb3 Qxc3+ 64. Kxc3 Re4 65. Kb3 Kf4 66. Kc3 Ke3 67. Kc2 Rd4 68. Kb3 Kd3 69. Ka3 Rc4 70. Kb3 Kd4 71. Kb2 Rc3 72. Ka2 Kc4 73. Kb2 Kb4 74. Ka1 Kb3 75. Kb1 Rc4 76. Ka1 Rc1# 0-1

[Event "January 2 Late 2024"]
[Site "https://www.chess.com"]
[Date "2024.01.02"]
[Round "6"]
[White "Xie, Bryan"]
[Black "Golubev, Mikhail"]
[Result "0-1"]
[Board "90"]
[TimeControl "180+1"]
[WhiteFideId "30941296"]
[BlackFideId "14100983"]
[WhiteElo "2438"]
[BlackElo "2616"]
[WhiteTeam "USA"]
[BlackTeam "UKR"]
[WhiteClock "0:01:27"]
[BlackClock "0:01:23"]

1. e4 c5 2. Nf3 Nc6 3. d4 cxd4 4. Nxd4 Nf6 5. Nc3 d6 6. Bg5 e6 7. Qd2 a6 8. O-O-O Bd7 9. f4 Be7 10. Nf3 b5 11. Bxf6 gxf6 12. Kb1 Qb6 13. Be2 O-O-O 14. f5 Kb8 15. fxe6 fxe6 16. Qh6 Rdg8 17. g3 Ne5 18. Nxe5 fxe5 19. Rhf1 b4 20. Na4 Bxa4 21. Qxe6 Qc7 22. b3 Rg6 23. Qh3 Bd7 24. Qh5 Be6 25. Bxa6 Bg4 0-1

[Event "January 2 Late 2024"]
[Site "https://www.chess.com"]
[Date "2024.01.02"]
[Round "6"]
[White "Luo, Terry"]
[Black "Blanco Diez, David"]
[Result "1-0"]
[Board "91"]
[TimeControl "180+1"]
[WhiteFideId "30931045"]
[BlackFideId "32032927"]
[WhiteElo "2614"]
[BlackElo "2435"]
[WhiteTeam "USA"]
[BlackTeam "ESP"]
[WhiteClock "0:00:24"]
[BlackClock "0:00:10"]

1. d4 d5 2. c4 dxc4 3. e3 e5 4. Bxc4 exd4 5. exd4 Bd6 6. Nf3 Nf6 7. O-O O-O 8. Nc3 Nc6 9. h3 h6 10. Re1 a6 11. Bb3 Bf5 12. Ne5 Na5 13. Bc2 Bxc2 14. Qxc2 Rc8 15. a3 c5 16. dxc5 Rxc5 17. Bf4 Nc4 18. Nxc4 Bxf4 19. Qb3 Qc7 20. Ne3 Be5 21. Ncd5 Qb8 22. Rac1 Rxc1 23. Rxc1 Rd8 24. Rd1 Nxd5 25. Nxd5 b5 26. g3 Re8 27. Kg2 Qb7 28. Qf3 Bxb2 29. Nf6+ Bxf6 30. Qxb7 Re2 31. Qxa6 Rb2 32. Rb1 Rxb1 33. Qc8+ Kh7 34. Qc2+ g6 35. Qxb1 Kg7 36. Qxb5 h5 37. a4 Kh6 38. h4 g5 39. hxg5+ Kg6 40. gxf6 Kh6 41. a5 Kh7 42. a6 Kg6 43. a7 Kh6 44. a8=Q Kg6 45. Qh8 h4 46. Qbh5# 1-0

[Event "January 2 Late 2024"]
[Site "https://www.chess.com"]
[Date "2024.01.02"]
[Round "6"]
[White "Weinstein, Norman"]
[Black "Poltorak, Sebastian"]
[Result "0-1"]
[Board "92"]
[TimeControl "180+1"]
[WhiteFideId "2000466"]
[BlackFideId "1199498"]
[WhiteElo "2422"]
[BlackElo "2612"]
[WhiteTeam "USA"]
[BlackTeam "POL"]
[WhiteClock "0:01:26"]
[BlackClock "0:01:42"]

1. e4 c6 2. d4 d5 3. exd5 cxd5 4. c4 Nf6 5. Nc3 Nc6 6. Nf3 e6 7. a3 dxc4 8. Bxc4 Be7 9. O-O O-O 10. Re1 b6 11. d5 Na5 12. Ba2 exd5 13. Nxd5 Nxd5 14. Qxd5 Be6 15. Qxd8 Raxd8 16. Bxe6 fxe6 17. Rxe6 Nb3 18. Rb1 Rd1+ 19. Re1 Rxe1+ 20. Nxe1 Bc5 21. Nd3 Rd8 0-1

[Event "January 2 Late 2024"]
[Site "https://www.chess.com"]
[Date "2024.01.02"]
[Round "6"]
[White "Khodabandeh, Milad"]
[Black "Coca Cubillos, Jesus Alberto"]
[Result "0-1"]
[Board "93"]
[TimeControl "180+1"]
[WhiteFideId "12538620"]
[BlackFideId "4462912"]
[WhiteElo "2388"]
[BlackElo "2612"]
[WhiteTeam "IRI"]
[BlackTeam "COL"]
[WhiteClock "0:00:01"]
[BlackClock "0:01:44"]

1. e4 g6 2. d4 Bg7 3. Nc3 d6 4. f4 Nc6 5. Nf3 Bg4 6. Bb5 a6 7. h3 Bxf3 8. Bxc6+ bxc6 9. gxf3 e6 10. b3 Qh4+ 11. Kf1 Ne7 12. Ne2 O-O 13. Qe1 Qh5 14. Qg3 a5 15. Qg4 Qb5 16. Bd2 f5 17. Qg3 fxe4 18. fxe4 c5 19. c4 Qb7 20. Qd3 cxd4 21. Nxd4 c5 22. Nc2 Bxa1 23. Nxa1 d5 24. cxd5 exd5 25. e5 d4 26. Rh2 Nd5 27. Rf2 Rae8 28. Nc2 Qf7 29. Bxa5 Nxf4 30. Qc4 Qxc4+ 31. bxc4 Nd3 32. Rxf8+ Rxf8+ 33. Ke2 Nxe5 34. Ne1 Nxc4 35. Bc7 Re8+ 36. Kd1 Ne3+ 37. Kc1 c4 38. Nc2 Nxc2 39. Kxc2 Re2+ 40. Kd1 Rxa2 41. Bb6 d3 0-1

[Event "January 2 Late 2024"]
[Site "https://www.chess.com"]
[Date "2024.01.02"]
[Round "6"]
[White "Ambartsumova, Karina"]
[Black "Bueno, Alfeu Junior Varela"]
[Result "1-0"]
[Board "94"]
[TimeControl "180+1"]
[WhiteFideId "4166299"]
[BlackFideId "2108879"]
[WhiteElo "2611"]
[BlackElo "2390"]
[WhiteTeam "RUS"]
[BlackTeam "BRA"]
[WhiteClock "0:00:34"]
[BlackClock "0:00:02"]

1. d4 e6 2. c4 f5 3. Nc3 b6 4. Nf3 Bb4 5. g3 Bxc3+ 6. bxc3 Bb7 7. Bg2 Nf6 8. O-O O-O 9. d5 Ne4 10. Nd4 Qf6 11. Nb5 Nxc3 12. Nxc3 Qxc3 13. Bd2 Qxc4 14. Rc1 Qxa2 15. Bb4 c5 16. dxc6 Bxc6 17. Bxf8 Kxf8 18. Bxc6 Nxc6 19. Qxd7 Ne7 20. Rc7 Qa3 21. Qxe6 Re8 22. Rd1 Qb4 23. Rdd7 Qe4 24. Qxe4 fxe4 25. Rxa7 Rb8 26. Rxe7 1-0

[Event "January 2 Late 2024"]
[Site "https://www.chess.com"]
[Date "2024.01.02"]
[Round "6"]
[White "Wendt, Jan-Dietrich"]
[Black "Melian, Juan Sebastian"]
[Result "0-1"]
[Board "95"]
[TimeControl "180+1"]
[WhiteFideId "4623797"]
[BlackFideId "3706575"]
[WhiteElo "2362"]
[BlackElo "2606"]
[WhiteTeam "GER"]
[BlackTeam "PAR"]
[WhiteClock "0:00:00"]
[BlackClock "0:00:09"]

1. Nf3 Nf6 2. c4 e6 3. Nc3 d5 4. d4 Be7 5. g3 O-O 6. Bg2 dxc4 7. Ne5 c5 8. dxc5 Qc7 9. Nxc4 Bxc5 10. Qb3 Nc6 11. Bf4 Qe7 12. O-O e5 13. Bg5 Be6 14. Bxc6 bxc6 15. Qa4 Rab8 16. Nxe5 Bh3 17. Nxc6 Qb7 18. Bxf6 Bxf1 19. Qg4 g6 20. Qh4 Qxc6 21. Rxf1 Rfe8 22. e4 Rb4 23. Qg5 Bf8 0-1

[Event "January 2 Late 2024"]
[Site "https://www.chess.com"]
[Date "2024.01.02"]
[Round "6"]
[White "uzkuzk"]
[Black "Gontcharov, Vladislav"]
[Result "1-0"]
[Board "96"]
[TimeControl "180+1"]
[BlackFideId "4123492"]
[WhiteElo "2358"]
[BlackElo "2604"]
[BlackTeam "RUS"]
[WhiteClock "0:00:37"]
[BlackClock "0:00:00"]

1. e4 e6 2. d4 d5 3. Nc3 Nc6 4. Nge2 Bb4 5. a3 Bxc3+ 6. Nxc3 dxe4 7. Bb5 f5 8. Bxc6+ bxc6 9. f3 exf3 10. Qxf3 Bd7 11. Bf4 Nf6 12. O-O-O O-O 13. h3 Rb8 14. Be5 Rb7 15. Ne2 Qb8 16. b3 Qe8 17. Nf4 a5 18. a4 Ne4 19. g4 Qe7 20. Kb2 c5 21. gxf5 exf5 22. Rhg1 Rf7 23. Nh5 g6 24. Qf4 cxd4 25. Bxd4 Bxa4 26. Qh6 Bxb3 27. Rxg6+ 1-0

[Event "January 2 Late 2024"]
[Site "https://www.chess.com"]
[Date "2024.01.02"]
[Round "6"]
[White "Zomorrodian, Eilia"]
[Black "Osmonbekov, Talaibek"]
[Result "1-0"]
[Board "97"]
[TimeControl "180+1"]
[WhiteFideId "12551805"]
[BlackFideId "2017253"]
[WhiteElo "2593"]
[BlackElo "2319"]
[WhiteTeam "CAN"]
[BlackTeam "USA"]
[WhiteClock "0:01:54"]
[BlackClock "0:00:37"]

1. e4 c5 2. Nf3 d6 3. Bb5+ Bd7 4. Bxd7+ Qxd7 5. O-O Nc6 6. c3 Nf6 7. d4 Nxe4 8. d5 Nd8 9. Re1 Nf6 10. Bg5 h6 11. Bxf6 gxf6 12. Qd3 Rg8 13. Nbd2 a6 14. Ne4 Bg7 15. Nh4 Kf8 16. Qf3 Rc8 17. Nf5 c4 18. Neg3 e6 19. Nxg7 Rxg7 20. Qxf6 exd5 21. Qxh6 Kg8 22. Nh5 Rg6 23. Nf6+ Rxf6 24. Qxf6 Ne6 25. Re3 Kf8 26. Rae1 Re8 27. Rh3 1-0

[Event "January 2 Late 2024"]
[Site "https://www.chess.com"]
[Date "2024.01.02"]
[Round "6"]
[White "Lopez Del Alamo, Antonio"]
[Black "Palczert, Matyas"]
[Result "0-1"]
[Board "98"]
[TimeControl "180+1"]
[WhiteFideId "2227339"]
[BlackFideId "784958"]
[WhiteElo "2297"]
[BlackElo "2586"]
[WhiteTeam "ESP"]
[BlackTeam "HUN"]
[WhiteClock "0:00:00"]
[BlackClock "0:01:29"]

1. e4 c5 2. Nf3 e6 3. d3 Nc6 4. g3 g6 5. Bg2 Bg7 6. O-O Nge7 7. c3 e5 8. a3 O-O 9. b4 d6 10. b5 Na5 11. d4 exd4 12. cxd4 Be6 13. a4 Nb3 14. Ra3 Nxc1 15. Qxc1 cxd4 16. Rd1 Rc8 17. Qd2 Qb6 18. Ne1 d5 19. Nd3 dxe4 20. Bxe4 Bd5 21. Re1 Bxe4 22. Rxe4 Nd5 23. Qe1 Nc3 24. Nxc3 dxc3 25. Ra1 Qd6 26. Rc1 Qxd3 0-1

[Event "January 2 Late 2024"]
[Site "https://www.chess.com"]
[Date "2024.01.02"]
[Round "6"]
[White "Shapiro, Viktor"]
[Black "Ghosh, Chanchal Kumer"]
[Result "0-1"]
[Board "99"]
[TimeControl "180+1"]
[WhiteFideId "4175700"]
[BlackFideId "10201858"]
[WhiteElo "2515"]
[BlackElo "2137"]
[WhiteTeam "RUS"]
[BlackTeam "BAN"]
[WhiteClock "0:00:00"]
[BlackClock "0:00:18"]

1. c4 e5 2. Nc3 Bc5 3. g3 Nc6 4. Bg2 a6 5. e3 d6 6. Nge2 Ba7 7. d4 exd4 8. exd4 Nge7 9. O-O h5 10. h3 Nf5 11. Re1 Kf8 12. d5 Ne5 13. b3 Qf6 14. Bf4 Ng6 15. Ne4 Qd8 16. Bg5 f6 17. Nf4 Ne5 18. Bxf6 gxf6 19. Nxh5 Rh6 20. Rc1 Qe7 21. b4 Qf7 22. Nf4 Bd7 23. c5 Kg8 24. g4 Nh4 25. cxd6 cxd6 26. Nxd6 Qf8 27. Ne4 f5 28. Nc5 Bxc5 29. Rxc5 Nxg2 30. Nxg2 Qd6 31. g5 Rxh3 32. Re3 Rh7 33. f4 Ng4 34. Rec3 Re8 0-1

[Event "January 2 Late 2024"]
[Site "https://www.chess.com"]
[Date "2024.01.02"]
[Round "6"]
[White "Slavin, Alexey"]
[Black "Durarbayli, Vasif"]
[Result "0-1"]
[Board "100"]
[TimeControl "180+1"]
[WhiteFideId "24104388"]
[BlackFideId "13402935"]
[WhiteElo "2275"]
[BlackElo "2801"]
[WhiteTeam "RUS"]
[BlackTeam "AZE"]
[WhiteClock "0:00:01"]
[BlackClock "0:00:07"]

1. e4 e5 2. Nf3 Nc6 3. c3 d6 4. d4 Bd7 5. Bd3 g6 6. O-O Bg7 7. Bg5 Nf6 8. dxe5 dxe5 9. Qe2 O-O 10. Nbd2 h6 11. Bh4 Qe8 12. Bg3 Nh5 13. Nc4 Nf4 14. Qc2 Bg4 15. Be2 Rd8 16. Rad1 Qe6 17. b3 Bh5 18. Ne3 Ne7 19. Rfe1 Qc6 20. Bc4 Bxf3 21. gxf3 h5 22. Bxf4 exf4 23. Nd5 Nxd5 24. Bxd5 Qxc3 25. Qxc3 Bxc3 26. Rf1 c6 27. Bc4 Bd2 28. Kg2 Kg7 29. h3 Rd4 30. a4 Rfd8 31. Be2 Kf6 32. Rb1 Ke5 33. Rfd1 g5 34. Bc4 f6 35. Kf1 g4 36. hxg4 hxg4 37. fxg4 f3 38. Rb2 Bc1 39. Kg1 Rxd1+ 0-1

[Event "January 2 Late 2024"]
[Site "https://www.chess.com"]
[Date "2024.01.02"]
[Round "6"]
[White "Dobrijevic, Milan"]
[Black "Hamitevici, Vladimir"]
[Result "0-1"]
[Board "101"]
[TimeControl "180+1"]
[WhiteFideId "931632"]
[BlackFideId "13902393"]
[WhiteElo "2439"]
[BlackElo "2650"]
[WhiteTeam "SRB"]
[BlackTeam "MDA"]
[WhiteClock "0:00:08"]
[BlackClock "0:00:14"]

1. e4 g6 2. d4 d6 3. h4 Nf6 4. Nc3 Bg7 5. Be2 h5 6. f3 c6 7. Bg5 Nbd7 8. Nh3 b5 9. Qd2 a6 10. O-O-O Qc7 11. Kb1 Bb7 12. Nf2 c5 13. dxc5 Nxc5 14. Nd3 Ne6 15. Be3 Nd7 16. Nd5 Bxd5 17. exd5 Nd4 18. Nb4 Nxe2 19. Qxe2 Rc8 20. Bd4 Bxd4 21. Rxd4 Ne5 22. f4 Ng4 23. Nc6 Kf8 24. Re1 e6 25. dxe6 Qxc6 26. exf7 Kg7 27. f5 Qc5 28. c3 Qxf5+ 29. Ka1 Rhf8 30. Rf1 Qe5 31. Qf3 Rc7 32. Rfd1 Rcxf7 33. Qd3 Nf2 34. Qd2 Nxd1 35. Rxd6 Ne3 0-1

[Event "January 2 Late 2024"]
[Site "https://www.chess.com"]
[Date "2024.01.02"]
[Round "6"]
[White "Goryachkina, Aleksandra"]
[Black "Gabdushev, Ruslan"]
[Result "0-1"]
[Board "102"]
[TimeControl "180+1"]
[WhiteFideId "4147103"]
[BlackFideId "4137833"]
[WhiteElo "2645"]
[BlackElo "2427"]
[WhiteTeam "FID"]
[BlackTeam "RUS"]
[WhiteClock "0:02:02"]
[BlackClock "0:01:39"]

1. e4 Nc6 2. Nf3 d6 3. h3 Nf6 4. Nc3 e5 5. Bc4 Be7 6. d3 O-O 7. O-O Na5 8. a4 Nxc4 9. dxc4 h6 10. b3 c6 11. Ba3 Qc7 12. Re1 Be6 13. Qd2 Rad8 14. Rad1 Ne8 15. Qe3 a5 16. c5 dxc5 17. Bxc5 Rxd1 18. Rxd1 Bxc5 19. Qxc5 f6 20. Nd5 cxd5 0-1